Unix NetHack Version 5.0.0-0 post-release - last build Jun 10 2026 00:39:30 (3ee93aec679c4c4259841fe613dc97188e26a321,branch:main).

Game began 2026-06-27 22:19:33, ended 2026-06-27 22:34:04.

Felix1, neutral male human Archeologist

                               ------------
                               |..........-#
                               |..........|#
                               |..........|#
            -----              |..........|##
 -------    |...|              |..........| #
 |)))).-##  |....#####         ------------ #
 |)))).| ## |...---- #                      #
 |)))).   # |......| #                      #
 ------   ##|......-###################     #
           #|......|  #---.-------####      #
           #....----  #-.........|   ####B@e##
            |...|      |...>......          #  ------
            |...|      |.........|          #  |.<..|
            -----      |.........|          ###.....|
                       |.........|             |....|
                       -----------             |....|
                                               |.....
                                               ------

Felix1 the Field Worker    St:13 Dx:13 Co:11 In:14 Wi:13 Ch:11  Neutral
Dlvl:3  $:97 HP:0(23) Pw:5(5) AC:9  Xp:3 T:1323 

Latest messages:
 You miss the sewer rat.
 The sewer rat bites!
 You kill the sewer rat!
 You slip on the ice.
 You make a lot of noise!
 You slide on the ice.
 You make a lot of noise!
 You slip on the ice.
 You make a lot of noise!
 You slide on the ice.
 You make a lot of noise!
 You slide on the ice.
 You make a lot of noise!
 You slide on the ice.
 You make a lot of noise!
 You slide on the ice.
 You make a lot of noise!
 You slide on the ice.
 You make a lot of noise!
 You slide on the ice.
 You make a lot of noise!
 You slip off the ice.
 You make a lot of noise!
 "Hello, Felix1!  Welcome to Pons' antique weapons outlet!"
 "Will you please leave your pick-axe outside?"
 You slip on the ice.
 You make a lot of noise!
 You slide on the ice.
 You make a lot of noise!
 You slip on the ice.
 You make a lot of noise!
 You slip on the ice.
 You make a lot of noise!
 You slide off the ice.
 Ouch!
 You make a lot of noise!
 You lash the floating eye.
 You are frozen by the floating eye's gaze!
 You hear someone cursing shoplifters.
 The giant bat bites!
 The giant bat bites!
 The giant bat bites!
 The giant bat bites!
 The giant bat bites!
 The giant bat bites!
 The giant bat bites!
 The giant bat bites!
 The giant bat bites!
 You die...
 Do you want your possessions identified? [ynq] (y) q

Inventory:
 Coins    ('$')
  $ - 97 gold pieces
 Weapons  (')')
  a - a +2 bullwhip (weapon in right hand)
 Armor    ('[')
  c - an uncursed +0 fedora (being worn)
  n - an uncursed +0 elven mithril-coat
  b - an uncursed +0 leather jacket (being worn)
 Comestibles  ('%')
  d - 3 uncursed food rations
 Scrolls  ('?')
  i - 2 uncursed scrolls of destroy armor
 Rings    ('=')
  l - an uncursed ring of conflict
 Tools    ('(')
  h - an empty uncursed sack
  j - an uncursed brass lantern
  e - a +0 pick-axe (alternate weapon; not wielded)
  f - a tinning kit (0:96)
 Gems/Stones  ('*')
  o - an uncursed worthless piece of orange glass
  k - a cursed worthless piece of yellow glass
  g - an uncursed touchstone

Felix1 the Archeologist's attributes:

Background:
 You were a Field Worker, a level 3 male human Archeologist.
 You were neutral, nominally on a mission for Camaxtli
 who was opposed by Quetzalcoatl (lawful) and Huhetotl (chaotic).
 You were right-handed.
 You were in the Dungeons of Doom, on level 3.
 You entered the dungeon 1323 turns ago.
 It was nighttime.
 You had 42 experience points, 38 more were needed to attain level 4.

Basics:
 You had 0 out of 23 hit points.
 You had all 5 energy points (spell power).
 Your armor class was 9.
 Your wallet contained 97 zorkmids.
 Autopickup was off.

Final Characteristics:
 Your strength was 13 (limit:18/100).
 Your dexterity was 13 (limit:18).
 Your constitution was 11 (limit:18).
 Your intelligence was 14 (limit:18).
 Your wisdom was 13 (limit:18).
 Your charisma was 11 (limit:18).

Final Status:
 You weren't hungry.
 You were unencumbered.
 You were wielding a whip.
 You had basic skill with whip.

Final Attributes:
 You were devoutly aligned.
 You had automatic searching.
 You were lucky.
 You are dead.

Miscellaneous:
 You didn't encounter any bones levels.
 Total elapsed playing time was 14 minutes and 30 seconds.

Major events:
 Turn
    1: Felix1 the neutral male human Archeologist entered the dungeon
 1157: attained the rank of Field Worker (level 3)
 1323: killed by a giant bat, while frozen by a floating eye's gaze

You didn't know any spells.

Skills:
 Fighting Skills
   bare handed combat [Unskilled]
   two weapon combat  [Unskilled]
   riding             [Unskilled]
 Weapon Skills
   dagger             [Unskilled]
   knife              [Unskilled]
   pick-axe           [Basic]
   short sword        [Unskilled]
   saber              [Unskilled]
   club               [Unskilled]
   quarterstaff       [Unskilled]
   sling              [Unskilled]
   dart               [Unskilled]
   boomerang          [Unskilled]
   whip               [Basic]
   unicorn horn       [Unskilled]
 Spellcasting Skills
   attack spells      [Unskilled]
   healing spells     [Unskilled]
   divination spells  [Unskilled]
   matter spells      [Unskilled]

Voluntary challenges:
 Character rerolling was not enabled.
 You were an atheist.
 You never genocided any monsters.
 You never polymorphed an object.
 You never changed form.
 You used no wishes.
Achievements:
 You attained the rank of Field Worker.
 You entered a shop.

 The Dungeons of Doom: levels 1 to 3
    Level 1:
       A sink.
    Level 2:
    Level 3: <- You were here.
       A weapon shop.
       Final resting place for
          you, killed by a giant bat, while frozen by a floating eye's gaze.


Vanquished creatures:
  a shrieker
  a giant rat
  a jackal
  a kobold
  6 goblins
  a sewer rat
  3 grid bugs
  a lichen
  5 newts
20 creatures vanquished.

No species were genocided or became extinct.

Game over:
                       ----------
                      /          \
                     /    REST    \
                    /      IN      \
                   /     PEACE      \
                  /                  \
                  |      Felix1      |
                  |      97 Au       |
                  |   killed by a    |
                  |    giant bat     |
                  |                  |
                  |                  |
                  |       2026       |
                 *|     *  *  *      | *
        _________)/\\_//(\/(/\)/\//\/|_)_______

Goodbye Felix1 the Archeologist...

You died in The Dungeons of Doom on dungeon level 3 with 356 points,
and 97 pieces of gold, after 1323 moves.
You were level 3 with a maximum of 23 hit points when you died.

